 Dungeon Crawl Stone Soup version 0.28.0-43-g3370ac3207 (webtiles) character file.

Game seed: 13805820323461148201

189 protoss039 the Magician (level 5, -1/28 HPs)
             Began as a Deep Elf Earth Elementalist on Mar 7, 2022.
             Slain by a hornet (6 damage)
             ... while paralysed by a hornet
             ... on level 4 of the Dungeon.
             The game lasted 00:08:34 (3853 turns).

protoss039 the Magician (DEEE)                      Turns: 3853, Time: 00:08:35

Health: -1/28      AC:  6    Str:  5    XL:     5   Next: 40%
Magic:  5/14       EV:  2    Int: 22    God:
Gold:   192        SH:  0    Dex: 22    Spells: 1/14 levels left

rFire   . . .      SeeInvis .   m - +9 rapier "Gecalauz" {holy, rN+ Dex+7}
rCold   . . .      Faith    .   (no shield)
rNeg    + . .      Spirit   .   b - +0 robe
rPois   .          Reflect  .   (no helmet)
rElec   .          Harm     .   l - +2 cloak
rCorr   .          Rampage  .   s - +0 pair of gloves
Will    .....                   (no boots)
Stlth   +++.......              (no amulet)
HPRegen 0.09/turn               d - ring of wizardry
MPRegen 0.14/turn               (no ring)

@: paralysed, lethally poisoned (-1 -> -6)
A: no striking features
a: no special abilities


You were on level 4 of the Dungeon.
You visited 1 branch of the dungeon, and saw 4 of its levels.
You also visited: Sewer.

You collected 192 gold pieces.

Inventory:

Hand Weapons
 m - the +9 rapier "Gecalauz" (weapon) {holy, rN+ Dex+7}
   (You found it on level 2 of the Dungeon)

   It has been blessed by the Shining One to cause great damage to the undead
   and demons.
   Dex:       It affects your dexterity (+7).
   rN:        It protects you from negative energy.
Missiles
 c - 35 stones
Armour
 b - a +0 robe (worn)
 l - a +2 cloak (worn)
 s - a +0 pair of gloves (worn)
Jewellery
 a - a ring of ice
 d - a ring of wizardry (left hand)
 r - a +4 ring of slaying
Scrolls
 e - 5 scrolls of identify {unknown}
 i - 2 scrolls of silence {unknown}
 j - 3 scrolls of enchant weapon {unknown}
 n - 2 scrolls of blinking {unknown}
 q - a scroll of fear {unknown}
Potions
 f - a potion of haste
 g - 3 potions of might {unknown}
 h - 3 potions of curing
 k - a potion of berserk rage {unknown}
 o - 2 potions of experience {unknown}
 p - a potion of heal wounds {unknown}


   Skills:
 * Level 0.3 Fighting
 - Level 2.4 Dodging
 - Level 2.4 Stealth
 + Level 5.3 Spellcasting
 * Level 0.7 Conjurations
 * Level 1.5 Transmutations
 * Level 0.6 Air Magic
 + Level 5.2 Earth Magic


You had one spell level left.
You knew the following spells:

 Your Spells              Type           Power      Damage    Failure   Level
a - Sandblast             Erth           56%        2d13      1%          1
b - Passwall              Tmut/Erth      16%        N/A       1%          2
c - Stone Arrow           Conj/Erth      36%        3d9       3%          3
d - Petrify               Tmut/Erth      20%        N/A       10%         4
e - Swiftness             Air            8%         N/A       9%          3

Your spell library contained the following spells:

 Spells                   Type           Power      Damage    Failure   Level
 Static Discharge         Conj/Air       8%         N/A       4%          2
 Ensorcelled Hibernation  Hex/Ice        10%        N/A       6%          2
 Lightning Bolt           Conj/Air       4%         1d15      61%         5
 Maxwell's Capacitive Co  Air            4%         ∞         100%        8


Dungeon Overview and Level Annotations

Branches:
Dungeon (4/15)              Sewer (visited)
 Temple: D:4-7

Altars:
Gozag
Xom
Zin


Message History

The hornet is heavily wounded.
The hornet misses you.
The hornet stings you but does no damage.
Unknown command.
Unknown command.
Casting: Stone Arrow (dangerous; 3% risk of failure)
Confirm with . or Enter, or press ? or * to list all spells.
Aiming: Stone Arrow (dangerous; 3% risk of failure)
Press: ? - help, Shift-Dir - straight line, f - hornet
Aim: a hornet (heavily wounded, 52% to hit)
The stone arrow misses the hornet.
The stone arrow hits the dart slug!
You kill the dart slug!
The hornet stings you but does no damage.
Casting: Stone Arrow (dangerous; 3% risk of failure)
Confirm with . or Enter, or press ? or * to list all spells.
Aiming: Stone Arrow (dangerous; 3% risk of failure)
Press: ? - help, Shift-Dir - straight line, f/p - hornet
Aim: a hornet (heavily wounded, 52% to hit)
The stone arrow hits the hornet!
The hornet is severely wounded.
The hornet closely misses you. The hornet stings you.
You are poisoned.
You feel yourself slow down.
Unknown command.
Casting: Stone Arrow (dangerous; 3% risk of failure)
Confirm with . or Enter, or press ? or * to list all spells.
Aiming: Stone Arrow (dangerous; 3% risk of failure)
Press: ? - help, Shift-Dir - straight line, f/p - hornet
Aim: a hornet (severely wounded, 52% to hit)
The stone arrow misses the hornet.
You feel yourself speed up.
You feel very sick. The hornet stings you.
You feel yourself slow down. The goblin completely misses you.
The hornet stings you!
* * * LOW HITPOINT WARNING * * *
You suddenly lose the ability to move!
You feel yourself speed up.
* * * LOW HITPOINT WARNING * * *
You feel sick. The hornet stings you.
You die...

# ## ##. ### ##.. # ..#
#..≈ ###. #.# #..≈ #...#
#†# #..≈
###...g##.###########..≈
....._y@...............≈
#.##....###..########..≈
##...# ##.# #..≈ #.###
#.# #..≈ ...
#.########..≈ ###.
............^ .
#............ #
#############


You could see a hornet and a goblin.

Vanquished Creatures
  Crazy Yiuf (D:2)
  An orc priest (D:2)
  A hell rat (Sewer)
  3 adders
  2 worms
  An adder skeleton (D:4)
  2 dart slugs (D:4)
  7 orcs (D:2)
  3 endoplasms
  5 giant cockroaches
  4 goblins
  3 hobgoblins
  2 jackals (D:4)
  4 quokkas
  2 ball pythons
  3 bats
  3 frilled lizards
  5 kobolds
  14 rats
66 creatures vanquished.

Vanquished Creatures (others)
  A hound (D:4)
  A worm (D:4)
  A goblin (D:4)
  A jackal (D:4)
4 creatures vanquished.

Grand Total: 70 creatures vanquished

Notes
Turn   | Place    | Note
-------+----------+-------------------------------------------
     0 | D:1      | protoss039 the Deep Elf Earth Elementalist began the quest
                  | for the Orb.
     0 | D:1      | Reached XP level 1. HP: 10/10 MP: 6/6
    68 | D:1      | Found a faded altar of an unknown god.
   226 | D:1      | Reached XP level 2. HP: 15/15 MP: 8/8
   573 | D:1      | Learned a level 2 spell: Passwall
  1214 | D:2      | Reached XP level 3. HP: 6/19 MP: 5/10
  1989 | D:2      | Found a runed translucent door.
  1990 | D:2      | Noticed Crazy Yiuf
  2093 | D:2      | Identified the +9 rapier "Gecalauz" {holy, rN+ Dex+7}
  2287 | D:2      | Reached XP level 4. HP: 23/24 MP: 1/12
  2491 | D:2      | Learned a level 3 spell: Stone Arrow
  2495 | D:2      | Learned a level 3 spell: Swiftness
  2506 | D:2      | Killed Crazy Yiuf
  2507 | D:2      | Reached skill level 5 in Earth Magic
  3107 | D:3      | Reached skill level 5 in Spellcasting
  3314 | D:4      | Learned a level 4 spell: Petrify
  3376 | D:4      | Reached XP level 5. HP: 28/28 MP: 14/14
  3401 | D:4      | Found a glowing drain.
  3417 | Sewer    | Entered a sewer
  3734 | D:4      | Found a shimmering altar of Xom.
  3735 | D:4      | Noticed an ogre
  3774 | D:4      | Found an opulent altar of Gozag.
  3842 | D:4      | Found a glowing silver altar of Zin.
  3847 | D:4      | Noticed a hornet
  3852 | D:4      | Paralysed by a hornet for 2 turns
  3853 | D:4      | Slain by a hornet

Illustrated notes

Levels and vault maps discovered:
D:1:      dpeg_arrival_stonehenge_12_columns, layout_basic,
          chequers_ecumenical_altar_simple, minivault_19
D:2:      layout_basic, uniq_crazy_yiuf_cottage
D:3:      layout_loops_ring
D:4:      layout_loops_ring, xom_confusion_cloud,
          nicolae_overflow_crystal_walls, mainiacjoe_overflow_brackets,
          minmay_temple_entry_purple_smoke, cheibrodos_sewer_entry_drain

Skill      XL: |  1  2  3  4 |
---------------+-------------+-----
Earth Magic    | 4 5 |  5.2
Spellcasting   | 4 5 |  5.3
Fighting       | |  0.3
Dodging        | |  2.4
Stealth        | |  2.4
Conjurations   | |  0.7
Transmutations | |  1.5
Air Magic      | |  0.6

Action                   |  1- 3 |  4- 6 || total
-------------------------+-------+-------++-------
Melee: Dagger            |    26 |       ||    26
       Unarmed           |     2 |       ||     2
       Rapier            |       |    42 ||    42
 Cast: Sandblast         |    33 |     7 ||    40
       Passwall          |     1 |       ||     1
       Stone Arrow       |       |    10 ||    10
       Swiftness         |       |     1 ||     1
  Use: Potion            |     2 |       ||     2
 Stab: Sleeping          |     9 |     6 ||    15
Armor: Robe              |     2 |    11 ||    13
Dodge: Dodged            |    24 |    21 ||    45
